 Dungeon Crawl Stone Soup version 0.21.1-1-g345015f (webtiles) character file.

128349 wojtek the Severer (level 16, -1/146 HPs)
             Began as a Minotaur Fighter on July 21, 2018.
             Was the Champion of Makhleb.
             Slain by a six-headed hydra (10 damage)
             ... called by a spriggan druid
             ... on level 4 of the Swamp.
             The game lasted 00:54:17 (30156 turns).

wojtek the Severer (Minotaur Fighter)              Turns: 30156, Time: 00:54:18

Health: -1/146     AC: 32    Str: 27    XL:     16   Next: 48%
Magic:  0/23       EV: 14    Int:  5    God:    Makhleb [******]
Gold:   1112       SH: 14    Dex: 11    Spells: 15/15 levels left

rFire    + . .     SeeInvis +   a - +9 broad axe (flame)
rCold    + . .     Gourm    .   c - +0 shield
rNeg     . . .     Faith    .   V - +14 chain mail of Beogh's Esteem {+Blink}
rPois    .         Spirit   +   S - +0 hat
rElec    .         Reflect  .   F - scarf {rC+ rF+}
rCorr    .         Harm     .   D - +0 pair of gloves
MR       ++...                  W - +2 pair of boots {Stlth+}
Stlth    ..........             i - amulet of guardian spirit
HPRegen  0.34/turn              l - ring of protection from magic
MPRegen  0.18/turn              O - ring of see invisible

@: lethally poisoned (-1 -> -4), about to teleport, studying Stealth
A: retaliatory headbutt, horns 2, blurry vision 1
a: Minor Destruction, Lesser Servant of Makhleb, Major Destruction, Greater
Servant of Makhleb, Renounce Religion, Evoke Blink


You were on level 4 of the Swamp.
You worshipped Makhleb.
Makhleb was exalted by your worship.
You were not hungry.

You visited 5 branches of the dungeon, and saw 28 of its levels.
You also visited: Labyrinth and Ossuary.

You collected 2354 gold pieces.
You spent 1242 gold pieces at shops.

Inventory:

Hand Weapons
 a - a +9 broad axe of flaming (weapon)
 h - the cursed +1 hand axe of the Wilderness {antimagic, Int+5}
   (You found it on level 2 of the Swamp)

   It reduces the magical energy of the wielder, and disrupts the spells and
   magical abilities of those hit.
   Natural abilities and divine invocations are not affected.
   It affects your intelligence (+5).
   It has a curse placed upon it.
Armour
 c - a +0 shield (worn)
 D - a +0 pair of gloves (worn)
 F - a scarf of resistance (worn)
 G - +3 gold dragon scales
 S - a +0 hat (worn)
 U - the +9 plate armour of Odufoph {+Inv rPois MR- Regen+}
   (You found it on level 12 of the Dungeon)

   It protects you from poison.
   It affects your resistance to hostile enchantments.
   It lets you turn invisible.
   It increases your rate of regeneration.
 V - the +14 chain mail of Beogh's Esteem (worn) {+Blink}
   (You found it on level 3 of the Swamp)

   It lets you blink.
 W - a +2 pair of boots of stealth (worn)
Jewellery
 i - an amulet of guardian spirit (around neck)
 l - a ring of protection from magic (left hand)
 w - a +5 ring of dexterity
 x - an uncursed ring of ice
 E - an uncursed ring of positive energy
 O - a ring of see invisible (right hand)
Wands
 r - a wand of iceblast (38)
 C - a wand of flame (23)
 L - a wand of scattershot (22)
 N - a wand of digging (37)
 P - a wand of paralysis (21)
 Q - a wand of polymorph (28)
 T - a wand of acid (10)
 X - a wand of disintegration (36)
Scrolls
 e - 7 scrolls of fog
 g - 13 scrolls of teleportation
 n - 15 scrolls of remove curse
 o - 6 scrolls of immolation
 y - 3 scrolls of noise
 A - 3 scrolls of blinking
 I - 3 scrolls of identify
 J - a scroll of enchant armour
 K - 2 scrolls of magic mapping
 R - a scroll of vulnerability {unknown}
 Z - 3 scrolls of holy word
Potions
 b - 2 potions of berserk rage {unknown}
 d - 3 potions of might
 j - 4 potions of mutation
 k - 5 potions of cancellation
 m - 3 potions of lignification
 p - 3 potions of invisibility
 q - 19 potions of curing
 s - 3 potions of haste
 u - 9 potions of heal wounds
 v - 2 potions of agility {unknown}
 z - 2 potions of brilliance
 B - 2 potions of magic {unknown}
 H - 4 potions of ambrosia
 M - 8 potions of flight {unknown}
Books
 t - a manual of Stealth
Comestibles
 f - 74 rations


   Skills:
 + Level 14.1 Fighting
 - Level 18.0 Axes
 + Level 14.1 Armour
 + Level 12.6 Dodging
 + Level 14.0 Shields
 - Level 11.3 Invocations


You had 15 spell levels left.
You didn't know any spells.

Dungeon Overview and Level Annotations

Branches:
Dungeon (15/15)            Temple (1/1) D:4            Lair (6/6) D:8
  Swamp (4/4) Lair:2        Snake (0/4) Lair:3        Slime (0/5) Lair:6
    Orc (2/2) D:9             Elf (0/3) Orc:2        Vaults (0/5) D:14
 Depths (0/5) D:15

Altars:
Ashenzari
Cheibriados
Dithmenos
Elyvilon
Fedhas
Gozag
Hepliaklqana
Kikubaaqudgha
Makhleb
Nemelex Xobeh
Okawaru
Qazlal
Ru
Sif Muna
Trog
Uskayaw
Vehumet
Wu Jian
Xom
Yredelemnul
Zin
The Shining One
Beogh
Jiyva

Shops:
D:4 ?}?   D:8 %   D:9 }   D:11 *   D:13 (   Orc:2 (*([

Annotations:
D:4 exclusion: door
Lair:3 exclusion: oklob plant
Swamp:4 Th3D0c's ghost, adept MiBe
Orc:2 need flight


Innate Abilities, Weirdness & Mutations

You reflexively headbutt those who attack you in melee.
You have a pair of horns on your head.
Scrolls take you a little longer to read.


Message History

Th3D0c's ghost hits you but does no damage.
The spriggan rider is engulfed in noxious fumes.
The spriggan rider appears confused.
You block the spriggan rider's attack.
The swamp worm is engulfed in noxious fumes.
The swamp worm closely misses the six-headed hydra.
As you read the scroll of teleportation, it crumbles to dust.
You feel strangely unstable.
Unknown command.
The spriggan rider is engulfed in noxious fumes.
The spriggan rider appears confused.
The swamp dragon breathes poison at you.
The blast of poison engulfs you!
You are poisoned.
* * * LOW HITPOINT WARNING * * *
The swamp worm is engulfed in noxious fumes.
The swamp worm appears confused.
You block the six-headed hydra's attack.
The six-headed hydra bites you but does no damage.
The six-headed hydra bites you!
You die...

≈≈ ≈≈≈ . .≈≈≈
♣♣♣.. F ≈≈♣
..§≈.≈ §.
♣≈♣♣♣♣♣§..♣
≈..♣ ♣≈≈D@§§§♣
≈≈??≈♣♣wD§DW§≈♣
≈(≈≈≈.§§k§i§§♣♣
≈..≈≈≈.§§§≈≈♣♣
♣♣♣≈≈≈§.i≈§♣♣
♣♣♣....♣♣♣
♣.≈≈.. ♣.≈≈≈..
♣.≈≈$≈≈.


You could see a six-headed hydra, a four-headed hydra, a swamp dragon, 2
spriggan riders, a swamp worm (confused), a swamp drake and Th3D0c's ghost.

Vanquished Creatures
  Rupert (D:14)
  An orc warlord (Orc:2)
  A very ugly thing (Swamp:2)
  Snorg (Orc:2)
  The ghost of aaksess the Prestidigitator, a journeyman DDAr of Gozag (Lair:2)
  An ettin (Orc:1)
  A minotaur (Lab)
  Harold (D:10)
  The ghost of poirepourri the Cleaver, a journeyman DDFi of Makhleb (D:13)
  Erolcha (D:11)
  Fannar (Orc:1)
  9 hydras
  The ghost of Ymberto the Arsonist, a journeyman DEFE of Sif Muna (D:13)
  2 catoblepae (Lair:4)
  2 death knights
  4 centaur warriors
  9 two-headed ogres
  4 alligators
  3 death yaks (Lair:4)
  4 orc high priests (Orc:2)
  A tengu warrior (D:15)
  3 unseen horrors
  2 spriggan druids
  A wizard (D:15)
  3 swamp dragons
  4 orc knights
  A necromancer (D:15)
  4 deep elf magi
  2 manticores
  4 ugly things
  7 orc sorcerers
  The ghost of TBriggs11TB the Cleaver, a novice HOFi (D:4)
  3 cyclopes (D:11)
  A cyclops (shapeshifter) (D:14)
  A guardian serpent (D:14)
  4 elephants (Lair:6)
  3 black mambas
  A gargoyle (D:11)
  10 spiny frogs
  A rime drake (Lair:6)
  7 komodo dragons
  A freezing wraith (D:11)
  A yaktaur (D:14)
  2 efreet
  A queen bee (Lair:3)
  9 trolls
  2 meliai (D:11)
  7 polar bears (Lair:6)
  6 bog bodies
  6 hornets
  A wolf spider simulacrum (D:15)
  3 tyrant leeches
  Grinder (D:4)
  31 blink frogs
  7 dream sheep (Lair:6)
  11 hippogriffs
  29 slime creatures
  A water elemental (D:15)
  12 spriggans
  7 shadows
  4 wraiths
  3 wyverns
  A vampire (D:10)
  16 humans (D:14)
  A basilisk (D:14)
  63 yaks
  A golden eye (shapeshifter) (D:13)
  The ghost of VersusAllOdds the Skirmisher, an amateur BaFi (D:3)
  2 hungry ghosts
  5 wargs (Orc:2)
  16 vampire mosquitoes
  2 nagas (Lair:3)
  10 swamp worms
  4 insubstantial wisps (Swamp:3)
  A soldier ant (D:5)
  13 water moccasins
  A soldier ant (shapeshifter) (D:14)
  4 ice beasts
  9 porcupines
  5 swamp drakes
  40 orc warriors
  A sky beast (D:10)
  4 black bears
  5 phantoms
  17 ogres
  An eye of draining (D:13)
  5 boggarts (Lair:6)
  13 centaurs
  23 wolves
  14 crocodiles
  2 big kobolds
  14 bullfrogs
  2 water moccasin zombies (Ossuary)
  4 scorpions
  A wyvern skeleton (D:14)
  30 killer bees
  12 wights
  5 howler monkeys
  4 electric eels
  12 crimson imps
  6 centaur zombies
  2 bullfrog zombies
  10 jellies
  A quasit (D:7)
  6 hounds
  30 orc priests
  Crazy Yiuf (D:7)
  11 centaur skeletons
  4 iguanas
  Terence (D:3)
  23 orc wizards
  12 worker ants
  2 big kobold zombies (Ossuary)
  A hound zombie (D:6)
  A hound skeleton (D:7)
  A worker ant zombie (D:5)
  2 mummies (Ossuary)
  17 adders
  A gnoll (D:5)
  5 shadow imps
  A worker ant simulacrum (D:11)
  4 oozes
  10 adder zombies
  4 worms
  A dart slug (D:3)
  8 leopard geckos
  130 orcs
  A ball python (D:1)
  10 giant cockroaches
  5 gnoll zombies (Ossuary)
  8 goblins
  5 hobgoblins
  10 jackals
  5 quokkas
  9 bats
  6 frilled lizards
  A giant cockroach zombie (D:5)
  2 hobgoblin zombies (Ossuary)
  14 kobolds
  A kobold zombie (Ossuary)
  A leopard gecko zombie (D:9)
  8 orc zombies (Ossuary)
  2 quokka zombies (D:6)
  16 rats
  7 briar patches (Swamp:3)
  A bush (Lair:3)
  3 fungi
  2 plants
1034 creatures vanquished.

Vanquished Creatures (collateral kills)
  A thorn hunter (Swamp:3)
  A hydra (Lair:5)
  Urug (Lair:2)
  Nergalle (D:10)
  A spiny frog (Lair:2)
  A komodo dragon (Lair:3)
  4 blink frogs
  2 nagas (Lair:3)
  An insubstantial wisp (Swamp:3)
  2 orcs (Orc:2)
15 creatures vanquished.

Vanquished Creatures (others)
  A wyvern (D:11)
  An eye of draining (D:11)
  2 bullfrogs (D:11)
  An orc priest (Orc:2)
  A briar patch (Swamp:3)
  A bush (D:7)
  3 fungi
  A plant (Lair:6)
11 creatures vanquished.

Grand Total: 1060 creatures vanquished

Notes
Turn   | Place    | Note
-------+----------+-------------------------------------------
     0 | D:1      | wojtek the Minotaur Fighter began the quest for the Orb.
     0 | D:1      | Reached XP level 1. HP: 19/19 MP: 0/0
   102 | D:1      | Reached skill level 3 in Axes
   102 | D:1      | Reached XP level 2. HP: 26/26 MP: 1/1
   213 | D:1      | Reached skill level 4 in Axes
   304 | D:1      | Reached XP level 3. HP: 31/31 MP: 2/2
   690 | D:2      | Reached skill level 5 in Axes
  1148 | D:2      | Found an ornate altar of the Wu Jian Council.
  1181 | D:2      | Reached XP level 4. HP: 36/39 MP: 3/3
  1402 | D:2      | You fall through a shaft!
  1456 | D:3      | Reached skill level 6 in Axes
  1578 | D:3      | Noticed VersusAllOdds's ghost (amateur BaFi)
  1605 | D:3      | Noticed Terence
  1806 | D:3      | Reached XP level 5. HP: 45/45 MP: 4/4
  2224 | D:3      | Reached skill level 7 in Axes
  2227 | D:3      | Reached skill level 1 in Dodging
  2227 | D:3      | Reached XP level 6. HP: 28/52 MP: 5/5
  2375 | D:3      | Killed Terence
  2641 | D:3      | Found a stormy altar of Qazlal.
  2934 | D:4      | Noticed Grinder
  2938 | D:4      | Paralysed by Grinder for 4 turns
  2946 | D:4      | Killed Grinder
  2946 | D:4      | Reached XP level 7. HP: 25/60 MP: 6/6
  3157 | D:4      | Found Suopavy's Magic Scroll Emporium.
  3165 | D:4      | Bought a scroll of remove curse for 42 gold pieces
  3165 | D:4      | Bought a scroll of teleportation for 42 gold pieces
  3165 | D:4      | Bought a scroll of identify for 28 gold pieces
  3175 | D:4      | Found Juusiff's Magic Scroll Emporium.
  3229 | D:4      | Found a staircase to the Ecumenical Temple.
  3446 | D:4      | Found a deep blue altar of Sif Muna.
  3562 | D:4      | Noticed TBriggs11TB's ghost (novice HOFi)
  3611 | D:5      | Entered Level 5 of the Dungeon
  3637 | D:5      | Reached skill level 5 in Shields
  3868 | D:4      | Killed TBriggs11TB's ghost
  3868 | D:4      | Reached skill level 5 in Fighting
  3868 | D:4      | Reached skill level 8 in Axes
  3868 | D:4      | Reached skill level 5 in Armour
  3868 | D:4      | Reached XP level 8. HP: 20/69 MP: 7/7
  4208 | D:5      | Found a hazy altar of Hepliaklqana.
  4951 | Temple   | Entered the Ecumenical Temple
  5134 | Temple   | Became a worshipper of Makhleb the Destroyer
  5274 | D:5      | Reached skill level 1 in Invocations
  5627 | D:4      | Found Raorrac's Gadget Boutique.
  6398 | D:3      | Killed VersusAllOdds's ghost
  6398 | D:3      | Reached XP level 9. HP: 71/78 MP: 8/10
  6543 | D:6      | Found a sand-covered staircase.
  6550 | D:6      | Reached * piety under Makhleb
  6553 | Ossuary  | Entered an ossuary
  6732 | Ossuary  | Reached ** piety under Makhleb
  6812 | D:6      | Reached skill level 9 in Axes
  7070 | D:6      | Reached skill level 5 in Dodging
  7672 | D:7      | Found a blossoming altar of Fedhas.
  7984 | D:7      | Found a blossoming altar of Fedhas.
  7994 | D:7      | Reached *** piety under Makhleb
  8021 | D:7      | Reached skill level 5 in Invocations
  8052 | D:7      | Reached skill level 10 in Axes
  8052 | D:7      | Reached XP level 10. HP: 79/86 MP: 12/12
  8342 | D:7      | Found a runed door.
  8369 | D:7      | Found a sacrificial altar of Ru.
  8693 | D:7      | Noticed Crazy Yiuf
  8696 | D:7      | Killed Crazy Yiuf
  8873 | D:8      | Found an opulent altar of Gozag.
  8925 | D:8      | Found Rirhih's Food Boutique.
  8927 | D:8      | Found a staircase to the Lair.
  9620 | D:9      | Found Empey's Gadget Shoppe.
  9628 | D:9      | Noticed a two-headed ogre
  9638 | D:9      | Killed a two-headed ogre
  9684 | D:9      | Found a staircase to the Orcish Mines.
 10011 | D:9      | Noticed a two-headed ogre
 10017 | D:9      | Killed a two-headed ogre
 10431 | D:10     | Entered Level 10 of the Dungeon
 10464 | D:10     | Noticed a two-headed ogre
 10469 | D:10     | Reached skill level 11 in Axes
 10486 | D:10     | Killed a two-headed ogre
 10510 | D:10     | Noticed Nergalle
 10515 | D:10     | Noticed a spectral orc warlord
 10528 | D:10     | Killed Nergalle
 10528 | D:10     | Reached XP level 11. HP: 45/95 MP: 15/15
 10873 | D:10     | Noticed Harold
 10891 | D:10     | Killed Harold
 11555 | D:10     | You fall through a shaft for 2 floors!
 11588 | D:12     | Reached **** piety under Makhleb
 11645 | D:12     | Noticed an eight-headed hydra
 11656 | D:12     | Killed an eight-headed hydra
 11723 | D:12     | Noticed a two-headed ogre
 11731 | D:12     | Killed a two-headed ogre
 11837 | D:12     | Noticed a purple ugly thing
 11847 | D:12     | Killed a purple ugly thing
 12121 | D:12     | Identified the Reference Book on the Ashen Entourage
 12191 | D:12     | Noticed a two-headed ogre
 12199 | D:12     | Killed a two-headed ogre
 12199 | D:12     | Reached skill level 12 in Axes
 12380 | D:12     | Got a crude plate armour
 12381 | D:12     | Identified the +9 plate armour of Odufoph {+Inv rPois MR- Regen+} (You found it on level 12 of the Dungeon)
 13127 | D:11     | Noticed Erolcha
 13142 | D:11     | Killed Erolcha
 13142 | D:11     | Reached XP level 12. HP: 44/104 MP: 17/17
 13433 | D:11     | Found Idarag's Assorted Antiques.
 13441 | D:11     | Bought a pair of embroidered boots for 210 gold pieces
 13533 | D:11     | Paralysed by a hornet for 2 turns
 13684 | D:11     | Found a runed door.
 13685 | D:11     | Found a runed door.
 14202 | Lair:1   | Entered Level 1 of the Lair of Beasts
 14354 | Lair:1   | Found an ancient bone altar of Kikubaaqudgha.
 14413 | Lair:1   | Reached skill level 13 in Axes
 15328 | Lair:2   | Noticed Urug
 15354 | Lair:2   | Reached skill level 10 in Armour
 15382 | Lair:2   | Reached ***** piety under Makhleb
 15385 | Lair:2   | Reached skill level 10 in Fighting
 15395 | Lair:2   | Noticed aaksess's ghost (journeyman DDAr)
 15777 | Lair:2   | Reached skill level 10 in Shields
 15853 | Lair:2   | Killed Urug
 16032 | Lair:2   | Found a staircase to the Swamp.
 16290 | Lair:2   | Killed aaksess's ghost
 16380 | Lair:2   | Reached skill level 10 in Invocations
 16730 | Lair:3   | Noticed a five-headed hydra
 16771 | Lair:3   | Found a labyrinth entrance.
 16780 | Lab      | Entered a labyrinth
 17148 | Lab      | Noticed a minotaur
 17160 | Lab      | Killed a minotaur
 17160 | Lab      | Reached XP level 13. HP: 88/114 MP: 19/19
 17396 | Lair:3   | Found a staircase to the Snake Pit.
 17657 | Lair:3   | Reached skill level 14 in Axes
 18280 | D:4      | Bought a scroll of acquirement for 624 gold pieces
 20231 | Lair:6   | Entered Level 6 of the Lair of Beasts
 20349 | Lair:6   | Found a runed door.
 20350 | Lair:6   | Found a viscous altar of Jiyva.
 20352 | Lair:6   | Found a staircase to the Slime Pits.
 20380 | Lair:6   | Reached XP level 14. HP: 122/124 MP: 21/21
 20442 | Lair:6   | Reached skill level 15 in Axes
 20616 | Lair:6   | Reached skill level 10 in Dodging
 21570 | Orc:1    | Entered Level 1 of the Orcish Mines
 21722 | Orc:2    | Entered Level 2 of the Orcish Mines
 21725 | Orc:2    | Reached ****** piety under Makhleb
 21786 | Orc:2    | Noticed Snorg
 21794 | Orc:2    | Killed Snorg
 22192 | Orc:2    | Paralysed by an orc sorcerer for 4 turns
 22373 | Orc:2    | Found a staircase to the Elven Halls.
 22585 | Orc:2    | Reached skill level 16 in Axes
 22601 | Orc:2    | Found a roughly hewn altar of Beogh.
 22690 | Orc:2    | Found Miut's Antique Weapon Emporium.
 22709 | Orc:2    | Found Legec's Assorted Antiques.
 22856 | Orc:2    | Found a roughly hewn altar of Beogh.
 22861 | Orc:2    | Noticed an orc warlord
 22876 | Orc:2    | Killed an orc warlord
 22888 | Orc:2    | Found Kymikexu's Weapon Emporium.
 23009 | Orc:2    | Found Exaopp's Antique Armour Boutique.
 23023 | Orc:2    | Gained mutation: Scrolls take you a little longer to read. [a neqoxec]
 23044 | Orc:2    | Bought a glowing scarf for 296 gold pieces
 23337 | Orc:1    | Noticed Fannar
 23343 | Orc:1    | Killed Fannar
 23392 | Orc:1    | Reached XP level 15. HP: 134/134 MP: 22/22
 23761 | D:11     | Found a runed door.
 23905 | D:11     | Found a runed door.
 23912 | D:11     | Found a runed door.
 24874 | D:13     | Noticed Ymberto's ghost (journeyman DEFE)
 24885 | D:13     | Killed Ymberto's ghost
 25103 | D:13     | Noticed poirepourri's ghost (journeyman DDFi)
 25110 | D:13     | Killed poirepourri's ghost
 25110 | D:13     | Reached skill level 17 in Axes
 25194 | D:13     | Found Evel's Weapon Shoppe.
 25572 | D:14     | Found a gate to the Vaults.
 25572 | D:14     | Noticed Rupert
 25718 | D:14     | Killed Rupert
 26520 | D:14     | Found a gate to the Vaults.
 26880 | D:15     | Entered Level 15 of the Dungeon
 26901 | D:15     | Paralysed by an orc sorcerer for 2 turns
 27079 | D:15     | Found a staircase to the Depths.
 27983 | Swamp:1  | Entered Level 1 of the Swamp
 28021 | Swamp:1  | Reached XP level 16. HP: 144/144 MP: 10/23
 28274 | Swamp:1  | Reached skill level 18 in Axes
 29102 | Swamp:2  | Got a dazzling hand axe
 29108 | Swamp:2  | Identified the cursed +1 hand axe of the Wilderness {antimagic, Int+5} (You found it on level 2 of the Swamp)
 29431 | Swamp:3  | Noticed a thorn hunter
 29441 | Swamp:3  | Killed a thorn hunter
 29718 | Swamp:3  | Identified the +14 chain mail of Beogh's Esteem {+Blink} (You found it on level 3 of the Swamp)
 30124 | Swamp:4  | Entered Level 4 of the Swamp
 30124 | Swamp:4  | Noticed Th3D0c's ghost (adept MiBe)
 30156 | Swamp:4  | Slain by a six-headed hydra

Skill      XL: |  1  2  3  4  5  6  7  8  9 10 11 12 13 14 15 16 |
---------------+-------------------------------------------------+-----
Axes           | 3 4 5 6 7 8 10 11 12 13 14 16 17 18 | 18.0
Fighting       | 4 5 6 7 8 9 10 11 12 13 14 | 14.1
Armour         | 4 5 6 7 8 9 10 11 12 13 14 | 14.1
Dodging        | 1 2 3 4 5 6 7 8 9 10 11 12 | 12.6
Shields        | 4 5 6 7 8 9 10 11 12 13 14 | 14.0
Invocations    | 2 5 6 8 10 11 | 11.3

Action                   |  1- 3 |  4- 6 |  7- 9 | 10-12 | 13-15 | 16-18 || total
-------------------------+-------+-------+-------+-------+-------+-------++-------
Melee: War axe           |    77 |   130 |   400 |   732 |   155 |       ||  1494
       Headbutt          |    10 |    17 |   123 |   206 |   302 |    51 ||   709
       Unarmed           |       |       |       |    23 |       |       ||    23
       Broad axe         |       |       |       |       |  1171 |   260 ||  1431
Invok: Lesser Servant of |       |       |       |    19 |     8 |     2 ||    29
       Minor Destruction |       |       |       |     5 |    12 |       ||    17
Evoke: Wand              |       |       |       |     1 |       |       ||     1
  Use: Scroll            |       |       |     9 |     6 |    22 |     6 ||    43
       Potion            |       |       |       |     1 |       |       ||     1
 Stab: Distracted        |       |       |       |     2 |       |       ||     2
       Petrified         |       |       |       |       |     2 |       ||     2
  Eat: Chunk             |       |    15 |    17 |    35 |    37 |       ||   104
Armor: Scale mail        |    31 |    77 |    66 |       |       |       ||   174
       Plate armour      |       |       |    85 |   284 |   349 |       ||   718
       Skin              |       |       |       |     2 |       |       ||     2
       Gold dragon scale |       |       |       |       |   128 |    97 ||   225
       Chain mail        |       |       |       |       |       |    48 ||    48
Dodge: Dodged            |    22 |    50 |   106 |   247 |   466 |    82 ||   973
Block: Shield            |    37 |   105 |   184 |   402 |   720 |   168 ||  1616
